 Dungeon Crawl Stone Soup version 0.27.1-34-g3ba077fa99 (webtiles) character file.

Game seed: 1448774396385362582

669 Descartes the Grasshopper (level 7, -11/52 HPs)
             Began as a Formicid Warper on Jan 23, 2022.
             Was an Initiate of Ashenzari.
             Mangled by Prince Ribbit (15 damage)
             ... on level 5 of the Dungeon.
             The game lasted 00:10:07 (4874 turns).

Descartes the Grasshopper (Formicid Warper)         Turns: 4874, Time: 00:10:07

Health: -11/52     AC: 12    Str: 17    XL:     7   Next: 89%
Magic:  12/12      EV: 11    Int: 13    God:    Ashenzari [......]
Gold:   309        SH:  8    Dex: 10    Spells: 7/12 levels left

rFire    . . .     SeeInvis +   i - +2 battleaxe (elec)
rCold    . . .     Faith    .   v - +0 kite shield
rNeg     . . .     Spirit   .   l - +0 plate armour
rPois    .         Reflect  .   (helmet unavailable)
rElec    .         Harm     .   (no cloak)
rCorr    .         Rampage  .   (no gloves)
Will     .....                  (no boots)
Stlth    ..........             (no amulet)
HPRegen  0.17/turn              u - +4 ring of evasion
MPRegen  0.13/turn              s - ring of Supernal Gnosis {EV+4, Self, Fort} (curse)

@: no status effects
A: permanent stasis, dig shafts and tunnels, antennae 3, four strong arms
a: Dig, Shaft Self, Renounce Religion, Curse Item, Shatter the Chains


You were on level 5 of the Dungeon.
You worshipped Ashenzari.
Ashenzari was noncommittal.
You visited 1 branch of the dungeon, and saw 5 of its levels.
You also visited: Sewer.

You collected 309 gold pieces.

Inventory:

Hand Weapons
 a - a +0 hand axe
 i - a +2 battleaxe of electrocution (weapon)
Missiles
 c - 5 boomerangs of dispersal (quivered)
 d - 180 stones
 m - 13 boomerangs
 n - a curare-tipped dart
Armour
 l - a +0 plate armour (worn)
 v - a +0 kite shield (worn)
Jewellery
 r - a ring of flight
 s - the cursed ring of Supernal Gnosis (right hand) {EV+4, Self, Fort}
   (You found it on level 4 of the Dungeon)

   [ring of evasion]

   EV:        It affects your evasion (+4).
   It has a curse which improves the following skills: Introspection: Fighting
   and Spellcasting.
   Fortitude: Armour and Shields.
 u - a +4 ring of evasion (left hand)
Scrolls
 e - a scroll of holy word
 j - a scroll of immolation
 k - a scroll of torment
 t - 2 scrolls of magic mapping
 w - a scroll of amnesia
Potions
 b - a potion of mutation
 f - a potion of magic
 g - a potion of might
 h - a potion of cancellation
 o - 4 potions of flight
 p - 2 potions of curing
 q - a potion of resistance


   Skills:
 + Level 3.0(3.4) Fighting
 + Level 4.4 Axes
 - Level 1.0 Throwing
 - Level 4.5(5.0) Armour
 - Level 1.7 Dodging
 + Level 1.9(2.3) Shields
 + Level 2.9(3.4) Spellcasting
 + Level 4.8 Translocations


You had 7 spell levels left.
You knew the following spells:

 Your Spells              Type           Power      Damage    Failure   Level
a - Manifold Assault      Tloc           14%        N/A       100%        5

Your spell library contained the following spells:

 Spells                   Type           Power      Damage    Failure   Level
 Animate Skeleton         Necr           4%         N/A       100%        1
 Pain                     Necr           8%         1d4       100%        1
 Gell's Gravitas          Tloc           7%         N/A       100%        3
 Lesser Beckoning         Tloc           7%         N/A       100%        3
 Teleport Other           Tloc           14%        N/A       100%        3
 Vampiric Draining        Necr           1%         2d6       100%        3
 Blink                    Tloc           Unusable   N/A       N/A         2

Dungeon Overview and Level Annotations

Branches:
Dungeon (5/15)              Sewer (visited)
 Temple: D:4-7

Altars:
Ashenzari
Hepliaklqana
Trog

Shops:
D:3 [

Annotations:
D:5 Prince Ribbit


Innate Abilities, Weirdness & Mutations

You cannot be hasted, slowed, berserked, paralysed or teleported.
You can dig through walls and to a lower floor.
You have a pair of large antennae on your head. (SInv)
Your four strong arms can wield two-handed weapons with a shield.


Message History

You closely miss Prince Ribbit.
Prince Ribbit is moderately wounded.
Prince Ribbit blinks! x2
Unknown command.
Prince Ribbit blinks!
Your shield and plate armour prevent you from hitting Prince Ribbit.
Prince Ribbit is moderately wounded.
You block Prince Ribbit's attack. Prince Ribbit hits you!
Prince Ribbit hits you but does no damage.
Your plate armour prevents you from hitting Prince Ribbit.
Prince Ribbit is moderately wounded.
Prince Ribbit hits you but does no damage.
You block Prince Ribbit's attack.
Your shield and plate armour prevent you from hitting Prince Ribbit.
Prince Ribbit is moderately wounded.
Prince Ribbit hits you!
* * * LOW HITPOINT WARNING * * *
Prince Ribbit completely misses you.
You closely miss Prince Ribbit.
Prince Ribbit is moderately wounded.
Prince Ribbit hits you but does no damage.
Prince Ribbit barely misses you.
Prince Ribbit hits you but does no damage.
You barely miss Prince Ribbit.
Prince Ribbit is moderately wounded.
Prince Ribbit closely misses you.
Prince Ribbit blinks!
Prince Ribbit blinks! x2
Your shield and plate armour prevent you from hitting Prince Ribbit.
Prince Ribbit is moderately wounded.
You block Prince Ribbit's attack.
Prince Ribbit blinks!
Prince Ribbit blinks!
Prince Ribbit misses you. Prince Ribbit barely misses you.
You miss Prince Ribbit.
Prince Ribbit is lightly wounded.
You block Prince Ribbit's attack. Prince Ribbit hits you!
* * * LOW HITPOINT WARNING * * *
You miss Prince Ribbit.
Prince Ribbit is lightly wounded.
Prince Ribbit closely misses you. Prince Ribbit hits you!
You die...

#.......##..........#.##..##
##....#.##.....##.....###.#
#..?...###.....##....# #..
#......[###....###....##..
#..........###..##......#...
#......#...## .....###.....
#..........####..##.## ##...
......#..#......##. ...
####....##.@F...#.. ..
###.##..#.........
#...............##
##..#..##.##...).. #
###.#.## ......
#......##..|... ###.......#
...## #.........# #..#
###........#


You could see Prince Ribbit.

Vanquished Creatures
  A water moccasin (D:5)
  A necrophage (D:4)
  A kobold brigand (Sewer)
  Blork the orc (D:5)
  A howler monkey (D:4)
  A hound (D:1)
  A jelly (D:4)
  A centaur skeleton (D:5)
  An iguana (D:5)
  A howler monkey zombie (D:5)
  7 adders
  2 river rats (Sewer)
  An adder skeleton (D:4)
  2 worms
  2 dart slugs
  6 orcs
  5 endoplasms
  A giant cockroach (D:4)
  11 goblins
  10 hobgoblins
  10 jackals
  2 quokkas
  6 ball pythons
  4 bats
  A frilled lizard (D:1)
  6 kobolds
  5 rats
91 creatures vanquished.

Notes
Turn   | Place    | Note
-------+----------+-------------------------------------------
     0 | D:1      | Descartes the Formicid Warper began the quest for the Orb.
     0 | D:1      | Reached XP level 1. HP: 16/16 MP: 3/3
   149 | D:1      | Reached XP level 2. HP: 21/22 MP: 5/5
   423 | D:1      | Found a faded altar of an unknown god.
   442 | D:1      | Became a worshipper of Ashenzari the Shackled
   442 | D:1      | Identified a scroll of acquirement
   443 | D:1      | Acquired a +2 battleaxe of electrocution
   828 | D:2      | HP: 1/22 [hound (1)]
   833 | D:1      | Reached XP level 3. HP: 11/27 MP: 6/6
   834 | D:1      | Reached XP level 4. HP: 14/33 MP: 7/7
  1444 | D:2      | Found a bloodstained altar of Trog.
  1653 | D:2      | Reached XP level 5. HP: 37/38 MP: 8/8
  1886 | D:3      | Found a glowing drain.
  1902 | Sewer    | Entered a sewer
  2063 | Sewer    | Noticed a kobold brigand
  2073 | Sewer    | Killed a kobold brigand
  2074 | Sewer    | Reached XP level 6. HP: 35/44 MP: 9/9
  2150 | Sewer    | Found a white marble altar of Elyvilon.
  2902 | D:3      | Found a hazy altar of Hepliaklqana.
  2950 | D:3      | Found Vucw's Antique Armour Boutique.
  3267 | D:3      | Learned a level 5 spell: Manifold Assault
  3447 | D:4      | Noticed a necrophage
  3451 | D:4      | Killed a necrophage
  3611 | D:4      | Reached XP level 7. HP: 51/51 MP: 10/10
  4120 | D:5      | Entered Level 5 of the Dungeon
  4121 | D:5      | Noticed a water moccasin
  4139 | D:5      | Killed a water moccasin
  4140 | D:5      | Reached skill level 1 in Shields
  4526 | D:5      | Noticed Blork the orc
  4537 | D:5      | Killed Blork the orc
  4825 | D:5      | Noticed Prince Ribbit
  4874 | D:5      | Mangled by Prince Ribbit

Illustrated notes

Levels and vault maps discovered:
D:1:      dpeg_arrival_simpleton_c, layout_rooms,
          hellmonk_ecumenical_altar_crossroads, minmay_domino_4
D:2:      cheibrodos_greedy_goblins, layout_basic, basic_altar
D:3:      layout_basic, nicolae_hepliaklqana_hippocampus,
          cheibrodos_sewer_entry_drain, serial_shops, shop
D:4:      layout_basic
D:5:      layout_cave_pools, tgw_sif, nicolae_dithmenos_through_a_glass_darkly,
          uniq_grinder, uniq_blork_the_orc, uniq_prince_ribbit1,
          uniq_crazy_yiuf_cottage

Skill      XL: |  1  2  3  4  5  6  7 |
---------------+----------------------+-----
Translocations | 3 4 |  4.8
Armour         | 2 3 4 |  4.5
Axes           | 3 4 |  4.4
Shields        | 1 |  1.9
Fighting       | 3 |  3.0
Throwing       | |  1.0
Dodging        | |  1.7
Spellcasting   | |  2.9

Action                   |  1- 3 |  4- 6 |  7- 9 || total
-------------------------+-------+-------+-------++-------
Melee: Hand axe          |    34 |       |       ||    34
       Battleaxe         |    20 |   118 |    85 ||   223
Invok: Curse Item        |       |     1 |       ||     1
 Abil: Dig               |       |    15 |       ||    15
  Use: Potion            |     2 |       |       ||     2
       Scroll            |     1 |       |       ||     1
Armor: Ring mail         |    35 |       |       ||    35
       Plate armour      |       |   115 |    45 ||   160
Dodge: Dodged            |    43 |    62 |    60 ||   165
Block: Kite shield       |       |       |    41 ||    41
